 Dungeon Crawl Stone Soup version 0.29.1-2-gbd0b4ee654 (webtiles) character file.

Game seed: 7316395987646646496

58 Ihaveafatcat the Trooper (level 3, 0/34 HPs)
             Began as a Minotaur Fighter on Nov 22, 2022.
             Was a Believer of Elyvilon.
             Slain by a gnoll
             ... wielding a +2 vorpal spear
              (1 damage)
             ... on level 2 of the Dungeon.
             The game lasted 00:02:08 (1414 turns).

Ihaveafatcat the Trooper (Minotaur Fighter)         Turns: 1414, Time: 00:02:08

Health: 0/34       AC:  7    Str: 22    XL:     3   Next: 75%
Magic:  2/2        EV:  9    Int:  5    God:    Elyvilon [**....]
Gold:   150        SH:  4    Dex:  9    Spells: 2/2 levels left

rFire   . . .      SeeInvis .   a - +0 war axe
rCold   . . .      Faith    .   c - +0 buckler
rNeg    . . .      Spirit   .   b - +0 scale mail
rPois   .          Reflect  .   (helmet restricted)
rElec   .          Harm     .   (no cloak)
rCorr   .          Rampage  .   (no gloves)
Will    .....                   (no boots)
Stlth   ..........              (no amulet)
HPRegen 0.11/turn               (no ring)
MPRegen 0.08/turn               (no ring)

@: no status effects
A: horns 2, retaliatory headbutt
a: Renounce Religion, Purification, Heal Other


You were on level 2 of the Dungeon.
You worshipped Elyvilon.
Elyvilon was pleased with you.
You visited 1 branch of the dungeon, and saw 2 of its levels.

You collected 150 gold pieces.

Inventory:

Hand Weapons
 a - a +0 war axe (weapon)
Missiles
 g - a throwing net (quivered)
Armour
 b - a +0 scale mail (worn)
 c - a +0 buckler (worn)
Scrolls
 e - a scroll of fear {unknown}
 h - a scroll of teleportation {unknown}
Potions
 d - a potion of might
 f - a potion of lignification {unknown}
 i - a potion of curing {unknown}


   Skills:
 + Level 4.4 Fighting
 + Level 3.1 Axes
 + Level 4.2 Armour
 + Level 4.1 Shields


You had 2 spell levels left.
You didn't know any spells.
Your spell library contained the following spells:

 Spells                   Type           Power      Damage    Failure   Level
 Ensorcelled Hibernation  Hex/Ice        0%         N/A       95%         2
 Ignite Poison            Fire/Tmut/Pois 0%         N/A       99%         3
 Mephitic Cloud           Conj/Pois/Air  0%         N/A       99%         3
 Spider Form              Tmut/Pois      0%         N/A       99%         3
 Anguish                  Hex/Necr       0%         N/A       100%        4
 Freezing Cloud           Conj/Ice/Air   0%         6-21      100%        5


Dungeon Overview and Level Annotations

Branches:
Dungeon (2/15)

Altars:
Elyvilon


Innate Abilities, Weirdness & Mutations

You have a pair of horns on your head.
You reflexively headbutt those who attack you in melee.


Message History

The gnoll hits you from afar with a +0 spear.
There are monsters nearby!
You block the gnoll's attack.
There are monsters nearby!
You hit the gnoll.
The gnoll is moderately wounded.
The gnoll hits you with a +0 spear. The gnoll hits you but does no damage.
The gnoll closely misses you. You furiously retaliate!
You headbutt the gnoll.
There are monsters nearby!
You barely miss the gnoll.
The gnoll is severely wounded.
The gnoll hits you but does no damage.
There are monsters nearby!
You barely miss the gnoll.
The gnoll is severely wounded.
The gnoll hits you with a +0 spear.
The gnoll hits you from afar with a +2 vorpal spear.
You hit the gnoll.
The gnoll is almost dead.
The gnoll hits you from afar with a +2 vorpal spear.
The gnoll hits you from afar with a +0 spear.
The gnoll hits you from afar with a +2 vorpal spear.
There are monsters nearby!
You barely miss the gnoll. You headbutt the gnoll!
The gnoll is almost dead.
You block the gnoll's attack. The gnoll barely misses you. x2
There are monsters nearby!
You hit the gnoll but do no damage. You headbutt the gnoll.
You kill the gnoll!
The gnoll hits you from afar with a +2 vorpal spear.
The gnoll hits you from afar with a +0 spear.
The goblin shoots a sling bullet.
You block the sling bullet. The gnoll closely misses you. The gnoll misses you.
The goblin shoots a sling bullet.
The sling bullet barely misses you.
The gnoll hits you from afar with a +2 vorpal spear.
* * * LOW HITPOINT WARNING * * *
x2
There is an open door here.
The gnoll hits you from afar with a +2 vorpal spear!
* * * LOW HITPOINT WARNING * * *
You die...

#.# #.# ###.## #.
#....#
#.#####....#
##..........+
.....##....####
##...<+....'g.#
####....##...@##g#
.
........#.....##.#
...
#....).######g#
...# ##..#### #g#
...# #..## ...
...# #.## ....#
...####.# #....#
........# #....#
.......## .......#


You could see a gnoll.

Vanquished Creatures
  A gnoll (D:2)
  An adder (D:2)
  2 dart slugs
  3 bats
  3 endoplasms
  A giant cockroach (D:1)
  4 goblins
  4 hobgoblins
  3 jackals (D:2)
  3 kobolds
  2 ball pythons
  2 frilled lizards (D:1)
  3 rats
32 creatures vanquished.

Notes
Turn   | Place    | Note
-------+----------+-------------------------------------------
     0 | D:1      | Ihaveafatcat the Minotaur Fighter began the quest for the
                  | Orb.
     0 | D:1      | Reached XP level 1. HP: 19/19 MP: 0/0
   133 | D:1      | Reached XP level 2. HP: 27/27 MP: 1/1
   266 | D:1      | Found a faded altar of an unknown god.
   291 | D:1      | Prayed at the altar of an unknown god.
   291 | D:1      | Became a worshipper of Elyvilon the Healer
   291 | D:1      | Reached * piety under Elyvilon
   963 | D:2      | Reached XP level 3. HP: 34/34 MP: 2/2
  1015 | D:2      | Reached ** piety under Elyvilon
  1414 | D:2      | HP: 1/34 [gnoll/+2 vorpal spear (7)]
  1414 | D:2      | Slain by a gnoll

Illustrated notes

Levels and vault maps discovered:
D:1:      psy_arrival_basics, layout_basic, chequers_ecumenical_altar_island,
          serial_bayou_lagoon_a, wander_ebering_terrifying_dragon_lair
D:2:      layout_basic

Skill      XL: |  1  2  3 |
---------------+----------+-----
Armour         | 4 |  4.2
Fighting       | 4 |  4.4
Shields        | 4 |  4.1
Axes           | 3 |  3.1

Action                   || total
-------------------------++-------
Melee: War axe           ||    60
       Headbutt          ||     9
Armor: Scale mail        ||    29
Dodge: Dodged            ||    30
Block: Buckler           ||    20
